 Dungeon Crawl Stone Soup version 0.26.1-2-gb8aa6d0cf2 (webtiles) character file.

Game seed: 8978694480373193099

3963 infcreate the Covert (level 10, -6/56 HPs)
             Began as a Vampire Enchanter on Mar 28, 2021.
             Mangled by Joseph
             ... wielding a +0 quarterstaff
              (9 damage)
             ... on level 7 of the Dungeon.
             The game lasted 00:57:10 (10513 turns).

infcreate the Covert (Vampire Enchanter)           Turns: 10513, Time: 00:57:11

Health: -6/56      AC:  3    Str:  7    XL:     10   Next: 2%
Magic:  2/16       EV: 18    Int: 24    God:
Gold:   345        SH:  5    Dex: 18    Spells: 9/18 levels left

rFire    . . .     SeeInvis +   g - +2 dagger (venom)
rCold    + + .     Faith    .   (no shield)
rNeg     + + +     Spirit   .   b - +0 robe
rPois    ∞         Reflect  +   w - +0 helmet
rElec    .         Harm     .   (no cloak)
rCorr    .         Rampage  .   (no gloves)
Will     +....                  (no boots)
Stlth    +++++++...             i - amulet of reflection
HPRegen  0.00/turn              v - +6 ring of intelligence
MPRegen  0.15/turn              (no ring)

@: bloodless
A: fangs 3, see invisible, unbreathing
a: Bat Form, Revivify


You were on level 7 of the Dungeon.
You visited 1 branch of the dungeon, and saw 7 of its levels.
You also visited: Sewer and Ossuary.

You collected 345 gold pieces.

Inventory:

Hand Weapons
 d - a +2 dagger of freezing
 g - a +2 dagger of venom (weapon)
 s - a +2 dagger of flaming
Armour
 b - a +0 robe (worn)
 w - a +0 helmet (worn)
Jewellery
 i - an amulet of reflection (around neck)
 v - a +6 ring of intelligence (left hand)
Wands
 y - a wand of acid (10)
Scrolls
 c - 2 scrolls of remove curse
 e - 3 scrolls of identify
 j - 5 scrolls of teleportation
 k - 2 scrolls of fear
 m - 2 scrolls of blinking
 q - 2 scrolls of enchant weapon {unknown}
 t - a scroll of fog {unknown}
 u - 3 scrolls of enchant armour {unknown}
 x - 2 scrolls of immolation
 C - 2 scrolls of magic mapping
Potions
 a - 2 potions of mutation {unknown}
 f - 8 potions of curing
 h - 4 potions of haste
 l - a potion of heal wounds {unknown}
 n - 2 potions of attraction {unknown}
 o - 5 potions of invisibility
 p - 2 potions of lignification {unknown}
 r - 5 potions of degeneration {unknown}
 z - 2 potions of flight
 A - 4 potions of cancellation {unknown}
 B - 2 potions of brilliance {unknown}


   Skills:
 + Level 4.0 Fighting
 * Level 7.0 Short Blades
 * Level 7.4 Dodging
 * Level 10.8 Stealth
 + Level 4.5 Spellcasting
 * Level 10.2 Hexes


You had 9 spell levels left.
You knew the following spells:

 Your Spells              Type           Power        Failure   Level
a - Corona                Hex            58%          1%          1
b - Ensorcelled Hibernat  Hex/Ice        60%          1%          2
c - Confusing Touch       Hex            53%          1%          3
d - Tukima's Dance        Hex            53%          1%          3

Your spell library contained the following spells:

 Spells                   Type           Power        Failure   Level
 Dazzling Flash           Conj/Hex       60%          3%          3


Dungeon Overview and Level Annotations

Branches:
Dungeon (7/15)             Temple (0/1) D:7           Sewer (visited)
Ossuary (visited)

Altars:
Hepliaklqana
Makhleb
Nemelex Xobeh
Trog
Wu Jian
Xom
The Shining One

Shops:
D:4 =   D:6 *

Annotations:
D:7 Joseph


Innate Abilities, Weirdness & Mutations

You do not regenerate when monsters are visible.
You are frail without blood (-20% HP).
You can heal yourself when you bite living creatures.
You are immune to poison.
You have razor-sharp teeth.
You have supernaturally acute eyesight. (SInv)
You can survive without breathing.


Message History

Press: ? - help, Shift-Dir - straight line, f/p - Joseph
Aim: Joseph, wielding a +0 hunting sling, wearing a +1 leather armour of fire resistance and quivering 13 sling bullets (chance to affect: 41%) Joseph resists with some effort.
Joseph unwields a +0 hunting sling.
Joseph wields a +0 quarterstaff.
Joseph hits you with a +0 quarterstaff!
* * * LOW HITPOINT WARNING * * *
Casting: Ensorcelled Hibernation (safe; 1% risk of failure)
Confirm with . or Enter, or press ? or * to list all spells.
Aiming: Ensorcelled Hibernation (safe; 1% risk of failure)
Press: ? - help, Shift-Dir - straight line, f/p - Joseph
Aim: Joseph, wielding a +0 quarterstaff, wearing a +1 leather armour of fire resistance and quivering 13 sling bullets (chance to affect: 41%) Joseph resists with some effort.
Joseph hits you with a +0 quarterstaff.
* * * LOW HITPOINT WARNING * * *
Unknown command.
Casting: Ensorcelled Hibernation (safe; 1% risk of failure)
Confirm with . or Enter, or press ? or * to list all spells.
Aiming: Ensorcelled Hibernation (safe; 1% risk of failure)
Press: ? - help, Shift-Dir - straight line, f/p - Joseph
Aim: Joseph, wielding a +0 quarterstaff, wearing a +1 leather armour of fire resistance and quivering 13 sling bullets (chance to affect: 41%) Joseph resists with some effort.
Joseph hits you with a +0 quarterstaff!
You die...

,,,,,,,* #...c[#.#..#,,* ,,,,,,,*
#<[#.,#....#,,* *,,,,..*
#..(##....#.,,*
,,,,,..#####.@....>....,,*
,,,,...........#....#*,,,*
,,,,..........#....#,.#.,**
....#.........#(.#.#....,,*
....#.........(##@..#...,,****
................@.......,,,,>**
.............(..........,,,*,,***
....#.........(####.#...,,,,,,,,,
....#..........## *,....,,,***,,,
................###*,...,,,* ****
#..................,,,##,********
###..#..........###*,,,,,,,,,,,,,
..(..#.....†.......,,*,,,***,,,,,
###..#............#**,,,** *,,,,,


You could see Joseph.

Vanquished Creatures
  Prince Ribbit (D:6)
  A dancing weapon (D:6)
  Sigmund (D:5)
  Eustachio (D:3)
  Menkaure (D:6)
  Duvessa (D:6)
  Edmund (D:4)
  Purgy (D:4)
  An orc warrior (D:6)
  A sky beast (D:6)
  3 ogres
  A phantom (D:5)
  4 centaurs
  3 bullfrogs
  5 water moccasin zombies (Ossuary)
  4 scorpions
  Dowan (D:6)
  A howler monkey (D:6)
  6 hounds
  3 jellies (D:6)
  2 bullfrog skeletons
  2 orc priests
  A centaur skeleton (D:3)
  4 iguanas
  Terence (D:2)
  10 orc wizards
  6 worker ants
  3 big kobold zombies (Ossuary)
  2 mummies (Ossuary)
  A worker ant zombie (D:5)
  3 gnolls (D:2)
  10 adders
  3 shadow imps
  A white imp (D:5)
  8 oozes
  5 adder zombies (Ossuary)
  An adder skeleton (D:5)
  6 worms
  2 dart slugs
  11 leopard geckos
  32 orcs
  5 ball pythons
  7 giant cockroaches
  3 gnoll zombies (Ossuary)
  6 goblins
  8 hobgoblins
  14 jackals
  3 quokkas
  18 bats
  7 frilled lizards
  7 hobgoblin zombies (Ossuary)
  A jackal zombie (D:6)
  7 kobolds
  6 kobold zombies (Ossuary)
  6 orc zombies (Ossuary)
  9 rats
262 creatures vanquished.

Vanquished Creatures (others)
  A wizard (D:3)
  A dancing weapon (D:4)
2 creatures vanquished.

Grand Total: 264 creatures vanquished

Notes
Turn   | Place    | Note
-------+----------+-------------------------------------------
     0 | D:1      | infcreate the Vampire Enchanter began the quest for the
                  | Orb.
     0 | D:1      | Reached XP level 1. HP: 13/13 MP: 3/3
   599 | D:1      | Reached XP level 2. HP: 15/15 MP: 5/5
   989 | D:1      | Learned a level 2 spell: Ensorcelled Hibernation
  1110 | D:1      | Found a sparkling altar of Nemelex Xobeh.
  1417 | D:2      | Reached XP level 3. HP: 20/20 MP: 3/6
  1426 | D:2      | Reached skill level 5 in Stealth
  1687 | D:2      | Reached skill level 5 in Hexes
  1687 | D:2      | Noticed Terence
  1694 | D:2      | Killed Terence
  1695 | D:2      | Reached XP level 4. HP: 24/24 MP: 2/7
  1751 | D:2      | Learned a level 3 spell: Confusing Touch
  1976 | D:2      | Reached skill level 1 in Fighting
  2010 | D:2      | Found a shimmering altar of Xom.
  2053 | D:2      | Reached XP level 5. HP: 24/29 MP: 2/8
  2273 | D:2      | Found a sparkling altar of Nemelex Xobeh.
  2277 | D:2      | Found a glowing golden altar of the Shining One.
  2329 | D:2      | Found a shimmering altar of Xom.
  2331 | D:2      | Found a burning altar of Makhleb.
  2509 | D:3      | Found a bloodstained altar of Trog.
  2579 | D:3      | Noticed a wizard
  2584 | D:3      | Killed a wizard
  3315 | D:4      | Found Ixethriz's Jewellery Shop.
  3507 | D:4      | Reached XP level 6. HP: 34/34 MP: 3/9
  3607 | D:4      | Noticed Edmund
  3613 | D:4      | Learned a level 3 spell: Tukima's Dance
  3622 | D:4      | Killed Edmund
  3780 | D:4      | Noticed Eustachio
  4292 | D:3      | Reached XP level 7. HP: 30/39 MP: 11/11
  4685 | D:3      | Killed Eustachio
  4766 | D:4      | Noticed Purgy
  4771 | D:4      | Killed Purgy
  4942 | D:4      | Found an ornate altar of the Wu Jian Council.
  5284 | D:5      | Entered Level 5 of the Dungeon
  5335 | D:5      | Found a glowing drain.
  5340 | Sewer    | Entered a sewer
  5835 | D:5      | Reached skill level 5 in Dodging
  5863 | D:5      | Reached XP level 8. HP: 37/45 MP: 8/12
  6160 | D:5      | Found a hazy altar of Hepliaklqana.
  6862 | D:5      | Noticed Sigmund
  6871 | D:5      | Killed Sigmund
  6872 | D:5      | Reached skill level 5 in Short Blades
  6991 | D:5      | Found a glowing golden altar of the Shining One.
  7852 | D:6      | Noticed an angel
  7854 | D:6      | Found a glowing golden altar of the Shining One.
  7855 | D:6      | Found Iriblush's Hallowed Reliquary.
  7858 | D:6      | Noticed Prince Ribbit
  7861 | D:6      | Killed Prince Ribbit
  7862 | D:6      | Reached XP level 9. HP: 51/51 MP: 14/14
  7862 | D:6      | Noticed Dowan
  7880 | D:6      | Killed Dowan
  7883 | D:6      | Noticed Duvessa
  7899 | D:6      | Killed Duvessa
  7918 | D:6      | Found a sand-covered staircase.
  7923 | Ossuary  | Entered an ossuary
  8828 | D:6      | Noticed Menkaure
  8836 | D:6      | Killed Menkaure
  8837 | D:6      | Reached skill level 10 in Stealth
 10223 | D:7      | Reached skill level 10 in Hexes
 10362 | D:7      | Reached XP level 10. HP: 56/56 MP: 1/16
 10493 | D:7      | Found a staircase to the Ecumenical Temple.
 10495 | D:7      | Noticed Joseph
 10513 | D:7      | Mangled by Joseph

Illustrated notes

Levels and vault maps discovered:
D:1:      erik_arrival_triangle_huge, layout_loops_ring, kennysheep_flooded_box
D:2:      layout_loops_ring, nicolae_overflow_hidden_temple, grunt_ministairs_6,
          xom_teletrap_fun, uniq_terence
D:3:      layout_loops_ring, kennysheep_cluttered_room, trog_wizard
D:4:      layout_basic, nzn_wu_jian_council_hall, serial_shops, shop,
          kennysheep_minor_cross, uniq_eustachio, uniq_purgy, uniq_edmund
D:5:      layout_basic, nzn_hepliaklqana_mist_gate, portal_sewer_entry_e,
          tso_altar, uniq_sigmund
D:6:      layout_layer_cave, enter_ossuary_5, nicolae_good_shop, uniq_duvessa,
          uniq_prince_ribbit1, uniq_menkaure
D:7:      layout_rooms, minmay_temple_entry_mini_moons, uniq_joseph

Skill      XL: |  1  2  3  4  5  6  7  8  9 |
---------------+----------------------------+-----
Stealth        | 5 6 7 9 10 | 10.8
Short Blades   | 2 3 4 5 7 |  7.0
Hexes          | 5 6 7 8 10 | 10.2
Dodging        | 3 4 5 6 7 |  7.4
Fighting       | 1 2 3 4 |  4.0
Spellcasting   | 3 4 |  4.5

Action                   |  1- 3 |  4- 6 |  7- 9 | 10-12 || total
-------------------------+-------+-------+-------+-------++-------
Melee: Dagger            |    93 |   143 |   466 |    30 ||   732
       Bite              |     4 |     8 |    38 |     8 ||    58
 Cast: Corona            |     5 |       |     7 |       ||    12
       Ensorcelled Hiber |     5 |    11 |    77 |     9 ||   102
       Tukima's Dance    |       |     4 |     1 |       ||     5
       Confusing Touch   |       |     2 |     3 |       ||     5
 Abil: Exsanguinate      |     1 |       |       |       ||     1
  Use: Scroll            |     2 |     4 |     9 |     1 ||    16
       Potion            |       |       |     1 |       ||     1
 Stab: Sleeping          |    13 |    34 |    88 |     1 ||   136
       Distracted        |       |     2 |       |       ||     2
       Confused          |       |       |     5 |       ||     5
Armor: Robe              |    18 |    11 |    33 |       ||    62
Dodge: Dodged            |    53 |    72 |   230 |    14 ||   369
Block: Other             |     2 |    22 |    77 |     8 ||   109
       Reflection        |       |       |     4 |     1 ||     5
